 Dungeon Crawl Stone Soup version 0.31-a0-232-gb1c03b2570 (webtiles) character file.

Game seed: 2586778176611393519

100611 qw the Crack Shot (level 15, -11/139 HPs)
             Began as a Minotaur Hexslinger on July 6, 2023.
             Was a High Priest of Okawaru.
             Mangled by a tarantella (16 damage)
             ... on level 1 of the Spider Nest.
             The game lasted 00:08:33 (22947 turns).

qw the Crack Shot (Minotaur Hexslinger)            Turns: 22947, Time: 00:08:34

Health: -11/139    AC: 28    Str: 18      XL:     15   Next: 81%
Magic:  21/21      EV: 24    Int: 10      God:    Okawaru [*****.]
Gold:   1264       SH:  0    Dex: 23 (24) Spells: 15/16 levels left

rFire   . . .        m - +1 triple crossbow (heavy)
rCold   + . .        (shield currently unavailable)
rNeg    + + .        v - quicksilver dragon scales
rPois   +            k - +2 hat
rElec   .            q - +2 cloak
rCorr   .            b - +1 pair of gloves of Okawaru's Approval {Will+ SInv}
SInv    +            w - +2 pair of boots of the Hurtling Gods {-Cast rPois rN++ Str+3}
Will    +++..        n - amulet of faith
Stlth   +++          f - ring of protection from cold
HPRegen 0.43/turn    l - +6 ring of dexterity
MPRegen 0.17/turn

%: no spellcasting, faith
@: about to teleport, heroic, marked
A: horns 2, retaliatory headbutt, deterioration 1
a: Renounce Religion, Heroism, Finesse, Duel


You were on level 1 of the Spider Nest.
You worshipped Okawaru.
Okawaru was extremely pleased with you.
You visited 4 branches of the dungeon, and saw 23 of its levels.
You also visited: Sewer and Ossuary.

You collected 2351 gold pieces.
You spent 1087 gold pieces at shops.


Innate Abilities, Weirdness & Mutations

You have a pair of horns on your head.
You reflexively headbutt those who attack you in melee.
Your body sometimes deteriorates upon taking damage.


   Skills:
 + Level 14.3(19.3) Fighting
 - Level 21.0(26.0) Ranged Weapons
 - Level 12.0(17.0) Armour
 - Level 12.0(17.0) Dodging
 - Level 1.0 Spellcasting
 - Level 2.0 Hexes
 - Level 10.0 Invocations


You had 15 spell levels left.
You knew the following spells:

 Your Spells              Type           Power      Damage    Failure   Level
a - Slow                  Hex            16%        N/A       22%         1

Your spell library contained the following spells:

 Spells                   Type           Power      Damage    Failure   Level
 Inner Flame              Hex/Fire       2%         N/A       69%         3
 Portal Projectile        Hex/Tloc       4%         N/A       69%         3
 Cause Fear               Hex            2%         N/A       91%         4

Inventory:

Hand Weapons
 m - a +1 heavy triple crossbow (weapon)
Armour
 b - the +1 pair of gloves of Okawaru's Approval (worn) {Will+ SInv}
   (Okawaru gifted it to you on level 3 of the Lair of Beasts)

   SInv:      It lets you see invisible.
   Will:      It increases your willpower.
 k - a +2 hat (worn)
 q - a +2 cloak (worn)
 t - +2 swamp dragon scales
 v - quicksilver dragon scales (worn)
 w - the +2 pair of boots of the Hurtling Gods (worn) {-Cast rPois rN++ Str+3}
   (You bought it in a shop on level 1 of the Orcish Mines)

   Str:       It affects your strength (+3).
   rPois:     It protects you from poison.
   rN:        It greatly protects you from negative energy.
   -Cast:     It prevents spellcasting.
Jewellery
 f - a ring of protection from cold (left hand)
 j - a ring of positive energy
 l - a +6 ring of dexterity (right hand)
 n - an amulet of faith (around neck)
 p - a ring of poison resistance
 r - a ring of protection from fire
 s - a ring of see invisible
 x - an amulet of reflection
Scrolls
 h - 10 scrolls of identify
 i - 7 scrolls of teleportation
 y - 2 scrolls of enchant armour
Potions
 a - 5 potions of mutation
 c - a potion of haste
 d - a potion of resistance
 e - 11 potions of curing
 o - 7 potions of enlightenment
 u - 2 potions of magic

Dungeon Overview and Level Annotations

Branches:
Dungeon (15/15)            Temple (0/1) D:7            Lair (5/5) D:11
  Swamp (0/4) Lair:3       Spider (1/4) Lair:2        Slime (0/5) Lair:5
    Orc (2/2) D:10            Elf (0/3) Orc:2        Vaults (0/5) D:14
 Depths (0/4) D:15          Sewer (visited)         Ossuary (visited)

Altars:
Ashenzari
Dithmenos
Hepliaklqana
Kikubaaqudgha
Makhleb
Okawaru
Ru
Sif Muna
Uskayaw
Vehumet
Xom
Jiyva

Shops:
Orc:1 (*?:[   Orc:2 *?:?

Annotations:
D:13 3 runed translucent doors, Yqoodd's ghost, journeyman GnWr
Lair:5 2 runed translucent doors


Message History

The demonic crawler completely misses you.
You furiously retaliate!
You headbutt the demonic crawler! The demonic crawler hits you!
The demonic crawler misses you.
The redback bites you but does no damage.
The tarantella misses you.
The moth of wrath goads the culicivora on!
The culicivora goes berserk!
The wolf spider closely misses you. You furiously retaliate!
You headbutt the wolf spider. The wolf spider closely misses you.
The tarantella completely misses you.
You shoot a bolt. The bolt barely misses the tarantella.
The tarantella completely misses you. The wolf spider hits you!
The wolf spider bites you but does no damage.
The tarantella closely misses you. You furiously retaliate!
You headbutt the tarantella.
The demonic crawler completely misses you.
You furiously retaliate!
You headbutt the demonic crawler! The demonic crawler misses you.
The demonic crawler barely misses you. The tarantella barely misses you.
A redback comes into view.
The redback misses you.
The wolf spider hits you but does no damage.
The wolf spider misses you. The tarantella completely misses you.
You furiously retaliate!
You headbutt the tarantella!
The demonic crawler closely misses you. x3
The moth of wrath goads the radroach on!
The radroach goes berserk!
The tarantella barely misses you. The redback closely misses you.
You furiously retaliate!
You headbutt the redback.
The demonic crawler completely misses you.
The demonic crawler hits you but does no damage. x2
The tarantella completely misses you.
You shoot a bolt. The bolt barely misses the tarantella.
The bolt hits the culicivora!!
The culicivora is moderately wounded.
The tarantella rages.
The tarantella barely misses you. The tarantella misses you.
The demonic crawler barely misses you. You furiously retaliate!
You headbutt the demonic crawler! The demonic crawler barely misses you.
The demonic crawler misses you. The tarantella touches you!
You die...

### .# ###s## ...#
#####.sys##..##.
###^...@s#.%s..0..
##.....sBssB#...#.#
#^....#.ss#s..#s#
##.......#B.s.# .B
##.....#....#.#sss
s
#...#.###..#####ss.
#..#.####### ##....
#.. ##....##.##
#...## .>..
##.......#
(.#.##....


You could see 2 radroaches, a demonic crawler (berserk), 2 wolf spiders, a moth
of wrath, 2 culicivoras, a pharaoh ant, 2 jumping spiders, 4 tarantellas and 3
redbacks.

Vanquished Creatures
  Rupert (D:13)
  A fire giant (D:15)
  An emperor scorpion (Spider:1)
  Snorg (D:10)
  7 ogre magi
  3 hydras
  Erica (D:9)
  3 boulder beetles
  A catoblepas (D:15)
  18 two-headed ogres
  4 centaur warriors
  A death yak (Lair:4)
  Urug (D:10)
  2 demonic crawlers
  Sonja (D:11)
  A pharaoh ant (Lair:2)
  A skyshark (Lair:3)
  A skeletal warrior (D:14)
  A steelbarb worm (Lair:2)
  2 bog bodies
  Pikel (D:7)
  A wizard (D:15)
  A lindwurm (Lair:5)
  3 orc knights
  A deep elf pyromancer (D:15)
  12 ugly things (D:14)
  An orc sorcerer (D:15)
  A wolf spider (Lair:2)
  2 manticores
  5 cyclopes
  Maurice (D:9)
  3 molten gargoyles (Lair:5)
  3 elephants (Lair:4)
  Joseph (D:10)
  4 black mambas
  2 torpor snails
  3 gargoyles (D:12)
  11 cane toads
  An unseen horror (D:13)
  Maggie (D:7)
  An ice statue (Lair:4)
  11 komodo dragons
  4 centaur skeletons (D:14)
  A kobold demonologist (D:11)
  4 yaktaurs (D:12)
  8 rime drakes
  A tengu conjurer (D:15)
  3 meliai (D:15)
  5 trolls
  Grinder (D:6)
  9 blink frogs
  6 polar bears
  3 hornets (Orc:1)
  6 dream sheep
  2 jumping spiders
  3 culicivoras (Lair:2)
  A wraith (D:11)
  Sigmund (D:6)
  A shadow (D:8)
  22 slime creatures
  57 yaks
  10 wyverns
  A dire elephant simulacrum (Lair:4)
  14 vampire mosquitoes
  6 redbacks
  13 basilisks
  3 steam dragons
  A warg (Orc:2)
  Menkaure (D:7)
  A swamp worm (Lair:3)
  5 hell hounds (Lair:5)
  9 water moccasins
  A floating eye (Orc:1)
  13 orc warriors
  5 black bears
  2 ice beasts (D:11)
  A boggart (D:14)
  30 wolves
  31 ogres
  16 centaurs
  A lemure (D:7)
  22 kobold brigands
  4 scorpions
  11 bullfrogs
  A cane toad simulacrum (Lair:4)
  5 wights
  18 killer bees
  3 howler monkeys
  5 electric eels
  3 centaur zombies (Ossuary)
  5 lava snakes (Lair:5)
  2 hounds
  8 orc priests
  4 sleepcaps
  Ijyb (D:5)
  2 iguanas
  16 orc wizards
  11 hell rats (Lair:4)
  A troll simulacrum (Lair:4)
  6 mummies (Ossuary)
  15 gnolls
  2 adders
  2 river rats (D:6)
  2 shadow imps
  3 white imps
  5 worms
  2 dart slugs (D:3)
  51 orcs
  5 bats
  9 endoplasms
  3 giant cockroaches (D:4)
  5 hobgoblins
  5 quokkas
  10 ball pythons
  A frilled lizard (D:2)
  12 goblins
  3 hobgoblin zombies (Ossuary)
  34 kobolds
  4 rats
725 creatures vanquished.

Vanquished Creatures (others)
  An orc (D:7)
1 creature vanquished.

Grand Total: 726 creatures vanquished

Notes
Turn   | Place    | Note
-------+----------+-------------------------------------------
     0 | D:1      | qw the Minotaur Hexslinger began the quest for the Orb.
     0 | D:1      | Reached XP level 1. HP: 16/16 MP: 1/1
     0 | D:1      | 0 ||| qw: Version: 0.3-a-46-gb1f654a
     0 | D:1      | 0 ||| qw: Game counter: 1971
     0 | D:1      | 0 ||| qw: Melee chars always use a shield: true
     0 | D:1      | 0 ||| qw: God list: Okawaru
     0 | D:1      | 0 ||| qw: Allow faded altars: false
     0 | D:1      | 0 ||| qw: Do Orc after clearing Dungeon:15 true
     0 | D:1      | 0 ||| qw: Do second Lair branch before Depths: true
     0 | D:1      | 0 ||| qw: Lair rune preference: random
     0 | D:1      | 0 ||| qw: Goals: Normal
     0 | D:1      | 0 ||| PLANNING D:1-11
   278 | D:1      | Reached skill level 3 in Ranged Weapons
   347 | D:1      | Reached XP level 2. HP: 23/23 MP: 2/2
   663 | D:1      | 663 ||| DROPPING ring of magical power.
   664 | D:1      | 664 ||| READING scroll labelled PYHAKKE MOT.
   665 | D:1      | 665 ||| DROPPING scroll of poison.
  1076 | D:2      | Reached XP level 3. HP: 29/29 MP: 3/3
  1369 | D:2      | 1369 ||| UPGRADING to +0 cloak.
  1374 | D:2      | 1374 ||| UPGRADING to +2 hat.
  1379 | D:2      | 1379 ||| UPGRADING to ring of protection from cold.
  1380 | D:2      | 1380 ||| READING scroll labelled GAJUIPUTWO.
  1381 | D:2      | 1381 ||| READING 2 scrolls labelled RURUTUROGGI.
  1382 | D:2      | 1382 ||| READING scroll labelled GUERIZUDASM.
  1382 | D:2      | Identified a scroll of acquirement
  1382 | D:2      | 1382 ||| ACQUIRING +2 arbalest of freezing
  1382 | D:2      | Acquired a +2 arbalest of freezing
  1384 | D:2      | 1384 ||| SWAPPING to +2 arbalest of freezing.
  1385 | D:2      | 1385 ||| DROPPING +1 sling.
  1386 | D:2      | 1386 ||| READING scroll labelled KELIYH BUXE.
  1437 | D:2      | 1437 ||| READING scroll labelled SOAQAO GEXESH.
  1441 | D:2      | 1441 ||| READING scroll labelled GOS CIRHIGI.
  1442 | D:2      | 1442 ||| READING scroll labelled NUZ MEOLIENO.
  1595 | D:3      | 1595 ||| Stepping ~*~*~tactically~*~*~ (outnumbered).
  1598 | D:3      | Reached skill level 4 in Ranged Weapons
  1604 | D:3      | Reached XP level 4. HP: 19/36 MP: 4/4
  1964 | D:3      | Found a faded altar of an unknown god.
  2051 | D:3      | Reached skill level 5 in Ranged Weapons
  2302 | D:3      | 2302 ||| UPGRADING to +0 leather armour.
  2312 | D:3      | 2312 ||| DROPPING +0 robe.
  2313 | D:3      | 2313 ||| UPGRADING to +0 ring mail.
  2323 | D:3      | 2323 ||| DROPPING +0 leather armour.
  2324 | D:3      | 2324 ||| UPGRADING to +0 pair of gloves.
  2329 | D:3      | 2329 ||| UPGRADING to +0 pair of boots.
  2334 | D:3      | 2334 ||| READING 2 scrolls labelled HIYCU ILEDISCH.
  2335 | D:3      | 2335 ||| READING scroll labelled DOIDECS SEPTUFO.
  2336 | D:3      | 2336 ||| DRINKING 2 orange potions.
  2337 | D:3      | 2337 ||| DROPPING scroll of revelation.
  2355 | D:4      | 2355 ||| PLANNING OSSUARY
  2374 | D:4      | Reached skill level 1 in Armour
  2378 | D:4      | Reached skill level 3 in Fighting
  2378 | D:4      | Reached XP level 5. HP: 45/45 MP: 5/5
  2409 | D:4      | 2409 ||| Stepping ~*~*~tactically~*~*~ (outnumbered).
  2559 | D:4      | Found a broken altar of Ashenzari.
  2562 | D:4      | Found a shadowy altar of Dithmenos.
  2647 | D:4      | Reached skill level 6 in Ranged Weapons
  2647 | D:4      | Reached XP level 6. HP: 51/51 MP: 6/6
  2730 | D:4      | Found a burning altar of Makhleb.
  2739 | D:4      | 2739 ||| READING 2 scrolls of enchant weapon.
  2739 | D:4      | 2739 ||| ENCHANTING +3 arbalest of freezing.
  2740 | D:4      | 2740 ||| READING scroll of enchant weapon.
  2740 | D:4      | 2740 ||| ENCHANTING +4 arbalest of freezing.
  2749 | D:4      | Found a sacrificial altar of Ru.
  2835 | D:4      | Found a shimmering altar of Xom.
  2949 | D:4      | Found a sand-covered staircase.
  2950 | D:4      | 2950 ||| READING scroll labelled UBIEFIRE PISO.
  2951 | D:4      | 2951 ||| READING scroll labelled ONYENYU YQOI.
  2952 | D:4      | 2952 ||| DRINKING 2 amethyst potions.
  2956 | Ossuary  | Entered an ossuary
  2982 | Ossuary  | 2982 ||| FLEEEEING.
  2983 | Ossuary  | 2983 ||| FLEEEEING.
  2984 | Ossuary  | 2984 ||| FLEEEEING.
  3019 | Ossuary  | Reached skill level 7 in Ranged Weapons
  3082 | Ossuary  | 3082 ||| READING scroll of enchant weapon.
  3082 | Ossuary  | 3082 ||| ENCHANTING +5 arbalest of freezing.
  3090 | Ossuary  | 3090 ||| DRINKING 3 inky potions.
  3096 | D:4      | 3096 ||| PLANNING D:1-11
  3175 | D:5      | Entered Level 5 of the Dungeon
  3193 | D:5      | Reached XP level 7. HP: 59/59 MP: 7/7
  3229 | D:5      | Found an iron altar of Okawaru.
  3230 | D:5      | 3230 ||| PLANNING OKAWARU WORSHIP
  3230 | D:5      | 3230 ||| UPGRADING to +2 pair of boots.
  3240 | D:5      | 3240 ||| DROPPING +0 pair of boots.
  3241 | D:5      | 3241 ||| DRINKING 2 fizzy emerald potions.
  3242 | D:5      | 3242 ||| READING 2 scrolls of identify.
  3242 | D:5      | 3242 ||| IDENTIFYING metallic pink potion
  3243 | D:5      | 3243 ||| DROPPING potion of berserk rage.
  3248 | D:5      | Became a worshipper of Warmaster Okawaru
  3249 | D:5      | 3249 ||| PLANNING D:1-11
  3399 | D:5      | Reached skill level 8 in Ranged Weapons
  3650 | D:5      | Noticed Ijyb
  3654 | D:5      | Killed Ijyb
  3938 | D:5      | 3938 ||| READING 3 scrolls of identify.
  3938 | D:5      | 3938 ||| IDENTIFYING fizzy yellow potion
  3939 | D:5      | 3939 ||| READING 2 scrolls of identify.
  3939 | D:5      | 3939 ||| IDENTIFYING green potion
  3940 | D:5      | 3940 ||| DROPPING potion of degeneration.
  3951 | D:6      | 3951 ||| PLANNING SEWER
  3957 | D:6      | Noticed Grinder
  3977 | D:6      | Paralysed by Grinder for 5 turns
  3987 | D:6      | Killed Grinder
  3987 | D:6      | Reached * piety under Okawaru
  3988 | D:6      | Reached skill level 9 in Ranged Weapons
  3988 | D:6      | Reached XP level 8. HP: 57/68 MP: 8/8
  4034 | D:6      | Noticed Sigmund
  4035 | D:6      | 4035 ||| INVOKING Heroism.
  4037 | D:6      | Killed Sigmund
  4038 | D:6      | Reached skill level 3 in Armour
  4038 | D:6      | Reached skill level 1 in Invocations
  4080 | D:6      | 4080 ||| INVOKING Heroism.
  4087 | D:6      | Reached skill level 3 in Invocations
  4156 | D:6      | Found a radiant altar of Vehumet.
  4156 | D:6      | Found an ancient bone altar of Kikubaaqudgha.
  4157 | D:6      | 4157 ||| INVOKING Heroism.
  4163 | D:6      | Reached skill level 6 in Fighting
  4176 | D:6      | Found a shimmering blue altar of Sif Muna.
  4324 | D:6      | 4324 ||| INVOKING Heroism.
  4379 | D:6      | Found a glowing drain.
  4380 | D:6      | 4380 ||| Stepping ~*~*~tactically~*~*~ (water).
  4384 | D:6      | 4384 ||| UPGRADING to amulet of faith.
  4389 | D:6      | 4389 ||| DRINKING 3 bubbling cyan potions.
  4389 | D:6      | Gained mutation: You are frail. (-10% HP) [potion of
                  | mutation]
  4389 | D:6      | Gained mutation: You are partially covered in iridescent
                  | scales. (AC +2) [potion of mutation]
  4390 | D:6      | 4390 ||| DRINKING 2 potions of mutation.
  4390 | D:6      | Lost mutation: You are partially covered in iridescent
                  | scales. (AC +2) [potion of mutation]
  4390 | D:6      | Lost mutation: You are frail. (-10% HP) [potion of
                  | mutation]
  4390 | D:6      | Gained mutation: Your body sometimes deteriorates upon
                  | taking damage. [potion of mutation]
  4418 | Sewer    | Entered a sewer
  4472 | Sewer    | Reached skill level 3 in Dodging
  4488 | Sewer    | 4488 ||| Stepping ~*~*~tactically~*~*~ (water).
  4545 | Sewer    | Found a glowing silver altar of Zin.
  4588 | D:6      | 4588 ||| PLANNING D:1-11
  4716 | D:7      | Reached skill level 10 in Ranged Weapons
  4716 | D:7      | Reached XP level 9. HP: 75/75 MP: 11/11
  4746 | D:7      | Reached ** piety under Okawaru
  4773 | D:7      | 4773 ||| INVOKING Heroism.
  4779 | D:7      | HP: 9/79 [orc priest/divine providence (14)]
  4780 | D:7      | 4780 ||| READING 3 scrolls of teleportation.
  4780 | D:7      | HP: 4/79 [orc priest/nerve-wracking pain (4)]
  4781 | D:7      | 4781 ||| DRINKING 3 potions of heal wounds.
  4783 | D:7      | Found a staircase to the Ecumenical Temple.
  4783 | D:7      | Noticed Menkaure
  4786 | D:7      | HP: 13/79 [??? (10)]
  4787 | D:7      | 4787 ||| READING 2 scrolls of teleportation.
  4788 | D:7      | 4788 ||| DRINKING 2 potions of heal wounds.
  4789 | D:7      | 4789 ||| INVOKING Heroism.
  4791 | D:7      | Killed Menkaure
  4960 | D:7      | Identified the +1 halberd of the Coin {freeze, Fragile rN+
                  | Dex+3}
  5031 | D:7      | Noticed Maggie
  5039 | D:7      | 5039 ||| INVOKING Heroism.
  5042 | D:7      | HP: 18/79 [Maggie/+0 glaive of flaming (3)]
  5043 | D:7      | 5043 ||| READING 2 scrolls of teleportation.
  5044 | D:7      | 5044 ||| DRINKING potion of heal wounds.
  5045 | D:7      | Killed Maggie
  5046 | D:7      | Reached skill level 11 in Ranged Weapons
  5174 | D:7      | Noticed Pikel
  5175 | D:7      | 5175 ||| INVOKING Heroism.
  5182 | D:7      | Killed Pikel
  5557 | D:7      | 5557 ||| INVOKING Heroism.
  5919 | D:7      | 5919 ||| DROPPING scarf of shadows.
  5920 | D:7      | 5920 ||| UPGRADING to +0 troll leather armour.
  5930 | D:7      | 5930 ||| DROPPING +0 ring mail.
  5931 | D:7      | 5931 ||| UPGRADING to +0 swamp dragon scales.
  5941 | D:7      | 5941 ||| READING 2 scrolls of identify.
  5941 | D:7      | 5941 ||| IDENTIFYING pink potion
  5942 | D:7      | 5942 ||| DROPPING potion of brilliance.
  5997 | D:8      | 5997 ||| STAIRDANCE
  6000 | D:7      | 6000 ||| INVOKING Heroism.
  6006 | D:7      | Reached XP level 10. HP: 25/82 MP: 9/12
  6262 | D:8      | Reached *** piety under Okawaru
  6336 | D:8      | Reached skill level 12 in Ranged Weapons
  6953 | D:8      | 6953 ||| READING 2 scrolls of identify.
  6953 | D:8      | 6953 ||| IDENTIFYING smoky red potion
  6954 | D:8      | 6954 ||| DROPPING potion of invisibility.
  7137 | D:9      | Reached **** piety under Okawaru
  7149 | D:9      | 7149 ||| INVOKING Heroism.
  7426 | D:9      | 7426 ||| READING scroll of enchant armour.
  7426 | D:9      | 7426 ||| ENCHANTING +0 swamp dragon scales.
  7428 | D:9      | Noticed Erica
  7429 | D:9      | 7429 ||| INVOKING Heroism.
  7434 | D:9      | Killed Erica
  7435 | D:9      | Reached skill level 13 in Ranged Weapons
  7549 | D:9      | Reached ***** piety under Okawaru
  7550 | D:9      | Reached skill level 6 in Invocations
  7594 | D:9      | 7594 ||| Stepping ~*~*~tactically~*~*~ (outnumbered).
  7596 | D:9      | 7596 ||| INVOKING Heroism.
  7600 | D:9      | 7600 ||| Stepping ~*~*~tactically~*~*~ (outnumbered).
  7621 | D:9      | Found a flagged portal.
  7802 | D:9      | Noticed Maurice
  7806 | D:9      | 7806 ||| DRINKING potion of cancellation.
  7808 | D:9      | Killed Maurice
  7837 | D:9      | Found a hazy altar of Hepliaklqana.
  7840 | D:9      | 7840 ||| UPGRADING to +2 cloak.
  7850 | D:9      | 7850 ||| DROPPING +0 cloak.
  7851 | D:9      | 7851 ||| UPGRADING to +6 ring of dexterity.
  7852 | D:9      | 7852 ||| READING scroll labelled KITSON CAERUEQUAS.
  7853 | D:9      | 7853 ||| READING 2 scrolls of identify.
  7853 | D:9      | 7853 ||| IDENTIFYING puce potion
  7890 | D:10     | Entered Level 10 of the Dungeon
  7913 | D:10     | Noticed Snorg
  7914 | D:10     | 7914 ||| INVOKING Heroism.
  7915 | D:10     | 7915 ||| INVOKING Finesse.
  7924 | D:10     | Reached skill level 6 in Dodging
  7924 | D:10     | 7924 ||| Stepping ~*~*~tactically~*~*~ (outnumbered).
  7925 | D:10     | 7925 ||| Stepping ~*~*~tactically~*~*~ (outnumbered).
  7928 | D:10     | 7928 ||| Stepping ~*~*~tactically~*~*~ (outnumbered).
  7935 | D:10     | Reached XP level 11. HP: 95/95 MP: 7/15
  7938 | D:10     | Killed Snorg
  7939 | D:10     | Reached skill level 9 in Fighting
  8006 | D:10     | 8006 ||| INVOKING Heroism.
  8108 | D:10     | Found a staircase to the Orcish Mines.
  8131 | D:10     | Noticed Urug
  8132 | D:10     | 8132 ||| INVOKING Heroism.
  8133 | D:10     | 8133 ||| INVOKING Finesse.
  8138 | D:10     | Killed Urug
  8301 | D:10     | Reached skill level 6 in Armour
  8462 | D:10     | 8462 ||| FLEEEEING.
  8466 | D:10     | 8466 ||| FLEEEEING.
  8467 | D:10     | 8467 ||| FLEEEEING.
  8468 | D:10     | 8468 ||| FLEEEEING.
  8469 | D:10     | 8469 ||| FLEEEEING.
  8470 | D:10     | 8470 ||| FLEEEEING.
  8471 | D:10     | 8471 ||| FLEEEEING.
  8472 | D:10     | 8472 ||| FLEEEEING.
  8473 | D:10     | 8473 ||| FLEEEEING.
  8474 | D:10     | 8474 ||| FLEEEEING.
  8475 | D:10     | 8475 ||| FLEEEEING.
  8476 | D:10     | 8476 ||| FLEEEEING.
  8477 | D:10     | 8477 ||| FLEEEEING.
  8478 | D:10     | 8478 ||| FLEEEEING.
  8479 | D:10     | 8479 ||| FLEEEEING.
  8480 | D:10     | 8480 ||| FLEEEEING.
  8481 | D:10     | 8481 ||| FLEEEEING.
  8482 | D:10     | 8482 ||| FLEEEEING.
  8483 | D:10     | 8483 ||| FLEEEEING.
  8484 | D:10     | 8484 ||| FLEEEEING.
  8485 | D:10     | 8485 ||| FLEEEEING.
  8486 | D:10     | 8486 ||| FLEEEEING.
  8487 | D:10     | 8487 ||| FLEEEEING.
  8488 | D:10     | 8488 ||| FLEEEEING.
  8489 | D:10     | 8489 ||| FLEEEEING.
  8490 | D:10     | 8490 ||| FLEEEEING.
  8491 | D:10     | 8491 ||| FLEEEEING.
  8492 | D:10     | 8492 ||| FLEEEEING.
  8493 | D:10     | 8493 ||| FLEEEEING.
  8648 | D:10     | Noticed Joseph
  8656 | D:10     | Killed Joseph
  8680 | D:10     | Found a hide-covered altar of Uskayaw.
  9280 | D:10     | 9280 ||| UPGRADING to +1 pair of gloves.
  9290 | D:10     | 9290 ||| DROPPING +0 pair of gloves.
  9291 | D:10     | 9291 ||| READING scroll labelled JEEFOG ALYRGH.
  9314 | D:11     | 9314 ||| INVOKING Heroism.
  9357 | D:11     | 9357 ||| INVOKING Heroism.
  9385 | D:11     | Noticed Sonja
  9386 | D:11     | 9386 ||| INVOKING Finesse.
  9387 | D:11     | 9387 ||| INVOKING Finesse.
  9390 | D:11     | Killed Sonja
  9492 | D:11     | Reached skill level 14 in Ranged Weapons
  9506 | D:11     | Found a staircase to the Lair.
  9508 | D:11     | 9508 ||| INVOKING Heroism.
  9509 | D:11     | 9509 ||| Stepping ~*~*~tactically~*~*~ (outnumbered).
  9513 | D:11     | Reached skill level 9 in Invocations
  9625 | D:11     | Noticed a two-headed ogre
  9626 | D:11     | 9626 ||| INVOKING Heroism.
  9632 | D:11     | Killed a two-headed ogre
  9656 | D:11     | 9656 ||| Stepping ~*~*~tactically~*~*~ (outnumbered).
  9658 | D:11     | 9658 ||| Stepping ~*~*~tactically~*~*~ (outnumbered).
  9660 | D:11     | 9660 ||| Stepping ~*~*~tactically~*~*~ (outnumbered).
  9671 | D:11     | 9671 ||| Stepping ~*~*~tactically~*~*~ (outnumbered).
  9861 | D:11     | 9861 ||| READING 3 scrolls of identify.
  9861 | D:11     | 9861 ||| IDENTIFYING lumpy ruby potion
  9862 | D:11     | 9862 ||| DROPPING potion of lignification.
 10114 | D:11     | Reached XP level 12. HP: 102/106 MP: 18/18
 10187 | D:11     | 10187 ||| PLANNING LAIR
 10271 | Lair:1   | Entered Level 1 of the Lair of Beasts
 10280 | Lair:1   | 10280 ||| INVOKING Heroism.
 10444 | Lair:1   | 10444 ||| INVOKING Heroism.
 10449 | Lair:1   | Received a gift from Okawaru
 10531 | Lair:1   | 10531 ||| FLEEEEING.
 10532 | Lair:1   | 10532 ||| FLEEEEING.
 10533 | Lair:1   | 10533 ||| FLEEEEING.
 10541 | Lair:1   | Reached skill level 15 in Ranged Weapons
 10578 | Lair:1   | 10578 ||| INVOKING Heroism.
 10583 | Lair:1   | Identified the +3 buckler of the Beekeeper {Str+3 Int+3}
                  | (Okawaru gifted it to you on level 1 of the Lair of Beasts)
 10583 | Lair:1   | Received a gift from Okawaru
 10932 | Lair:1   | 10932 ||| INVOKING Heroism.
 10966 | Lair:1   | Identified the +4 spear of Vouroas {flame, Drain rCorr
                  | Int+6 Dex+2}
 11276 | Lair:2   | Found a hole to the Spider Nest.
 11343 | Lair:2   | 11343 ||| INVOKING Heroism.
 11543 | Lair:2   | Reached skill level 16 in Ranged Weapons
 11551 | Lair:2   | Found a shimmering blue altar of Sif Muna.
 11801 | Lair:2   | 11801 ||| INVOKING Heroism.
 12157 | Lair:2   | 12157 ||| READING scroll labelled MUVVAENOZO.
 12243 | Lair:3   | 12243 ||| INVOKING Heroism.
 12257 | Lair:3   | Identified the +1 pair of gloves of Okawaru's Approval
                  | {Will+ SInv} (Okawaru gifted it to you on level 3 of the
                  | Lair of Beasts)
 12257 | Lair:3   | Received a gift from Okawaru
 12476 | Lair:3   | Reached XP level 13. HP: 103/116 MP: 19/19
 12649 | Lair:3   | 12649 ||| INVOKING Heroism.
 12715 | Lair:3   | Reached skill level 17 in Ranged Weapons
 12817 | Lair:3   | 12817 ||| INVOKING Heroism.
 12929 | Lair:3   | 12929 ||| INVOKING Heroism.
 12945 | Lair:3   | Found a staircase to the Swamp.
 13346 | Lair:3   | 13346 ||| UPGRADING to +1 pair of gloves of Okawaru's
                  | Approval {Will+ SInv}.
 13356 | Lair:3   | 13356 ||| DROPPING +1 pair of gloves.
 13511 | Lair:4   | 13511 ||| INVOKING Heroism.
 13558 | Lair:4   | 13558 ||| INVOKING Heroism.
 13591 | Lair:4   | 13591 ||| INVOKING Finesse.
 13640 | Lair:4   | Reached skill level 9 in Dodging
 14020 | Lair:4   | 14020 ||| INVOKING Heroism.
 14063 | Lair:4   | Reached skill level 18 in Ranged Weapons
 14092 | Lair:4   | Received a gift from Okawaru
 14158 | Lair:4   | 14158 ||| INVOKING Heroism.
 14165 | Lair:4   | Reached skill level 12 in Fighting
 14593 | Lair:4   | 14593 ||| DROPPING ring of ice.
 14594 | Lair:4   | 14594 ||| READING 7 scrolls of identify.
 14594 | Lair:4   | 14594 ||| IDENTIFYING glowing brown potion
 14595 | Lair:4   | 14595 ||| DROPPING potion of attraction.
 14627 | Lair:5   | Entered Level 5 of the Lair of Beasts
 14628 | Lair:5   | 14628 ||| INVOKING Heroism.
 14642 | Lair:5   | Reached skill level 9 in Armour
 14733 | Lair:5   | Reached ****** piety under Okawaru
 14739 | Lair:5   | 14739 ||| FLEEEEING.
 14741 | Lair:5   | 14741 ||| FLEEEEING.
 14745 | Lair:5   | 14745 ||| INVOKING Heroism.
 14870 | Lair:5   | Found a staircase to the Slime Pits.
 14871 | Lair:5   | Found a viscous altar of Jiyva.
 14952 | Lair:5   | Received a gift from Okawaru
 14954 | Lair:5   | 14954 ||| SWAPPING to +0 heavy triple crossbow.
 14955 | Lair:5   | 14955 ||| DROPPING +6 arbalest of freezing.
 15031 | Lair:5   | 15031 ||| INVOKING Heroism.
 15144 | Lair:5   | 15144 ||| Stepping ~*~*~tactically~*~*~ (water).
 15145 | Lair:5   | 15145 ||| INVOKING Heroism.
 15262 | Lair:5   | Reached XP level 14. HP: 126/126 MP: 20/20
 15428 | Lair:5   | 15428 ||| Stepping ~*~*~tactically~*~*~ (outnumbered).
 15429 | Lair:5   | 15429 ||| Stepping ~*~*~tactically~*~*~ (cloud).
 15513 | Lair:5   | 15513 ||| INVOKING Heroism.
 15517 | Lair:5   | 15517 ||| FLEEEEING.
 15518 | Lair:5   | 15518 ||| FLEEEEING.
 15519 | Lair:5   | 15519 ||| FLEEEEING.
 15520 | Lair:5   | 15520 ||| FLEEEEING.
 15521 | Lair:5   | 15521 ||| FLEEEEING.
 15522 | Lair:5   | 15522 ||| FLEEEEING.
 15523 | Lair:5   | 15523 ||| FLEEEEING.
 15524 | Lair:5   | 15524 ||| FLEEEEING.
 15578 | Lair:5   | 15578 ||| FLEEEEING.
 15755 | Lair:5   | 15755 ||| INVOKING Heroism.
 15802 | Lair:5   | 15802 ||| FLEEEEING.
 15882 | Lair:5   | Found a large runed translucent door.
 15882 | Lair:5   | Found a large runed translucent door.
 16224 | Lair:5   | 16224 ||| PLANNING D
 16224 | Lair:5   | 16224 ||| DROPPING ring of fire.
 16372 | D:12     | Reached skill level 19 in Ranged Weapons
 16407 | D:12     | 16407 ||| INVOKING Heroism.
 16408 | D:12     | 16408 ||| INVOKING Finesse.
 16413 | D:12     | 16413 ||| Stepping ~*~*~tactically~*~*~ (outnumbered).
 16418 | D:12     | 16418 ||| Stepping ~*~*~tactically~*~*~ (outnumbered).
 16427 | D:12     | Identified the +4 orcbow "Intoddum" {freeze, rElec}
                  | (Okawaru gifted it to you on level 12 of the Dungeon)
 16427 | D:12     | Received a gift from Okawaru
 16582 | D:12     | 16582 ||| INVOKING Heroism.
 16583 | D:12     | 16583 ||| READING 8 scrolls of teleportation.
 16960 | D:12     | 16960 ||| INVOKING Heroism.
 17276 | D:12     | 17276 ||| READING 7 scrolls of identify.
 17276 | D:12     | 17276 ||| IDENTIFYING fizzy red potion
 17277 | D:12     | 17277 ||| DROPPING potion of ambrosia.
 17422 | D:13     | Found a runed translucent gate.
 17422 | D:13     | Found a runed translucent gate.
 17422 | D:13     | Found a runed translucent gate.
 17422 | D:13     | Noticed Yqoodd's ghost (journeyman GnWr)
 17667 | D:13     | Identified the +10 chain mail "Maediwesk" {Rampage Regen+}
                  | (Okawaru gifted it to you on level 13 of the Dungeon)
 17667 | D:13     | Received a gift from Okawaru
 17695 | D:13     | Noticed Rupert
 17696 | D:13     | 17696 ||| INVOKING Heroism.
 17697 | D:13     | 17697 ||| INVOKING Finesse.
 17700 | D:13     | Killed Rupert
 18168 | D:13     | 18168 ||| INVOKING Heroism.
 18169 | D:13     | 18169 ||| INVOKING Finesse.
 18290 | D:14     | Reached skill level 20 in Ranged Weapons
 18372 | D:14     | 18372 ||| FLEEEEING.
 18373 | D:14     | 18373 ||| FLEEEEING.
 18376 | D:14     | 18376 ||| INVOKING Heroism.
 18390 | D:14     | HP: 26/129 [acid (8)]
 18391 | D:14     | 18391 ||| READING 7 scrolls of teleportation.
 18392 | D:14     | 18392 ||| DRINKING 2 potions of heal wounds.
 18393 | D:14     | 18393 ||| DRINKING potion of heal wounds.
 18693 | D:14     | Identified the +1 broad axe of Pyqefi {heavy, rElec rN+
                  | Will+}
 18891 | D:14     | 18891 ||| INVOKING Heroism.
 18893 | D:14     | 18893 ||| Stepping ~*~*~tactically~*~*~ (outnumbered).
 18902 | D:14     | HP: 33/132 [two-headed ogre/+0 giant club (10)]
 18903 | D:14     | 18903 ||| READING 6 scrolls of teleportation.
 19214 | D:14     | 19214 ||| Stepping ~*~*~tactically~*~*~ (outnumbered).
 19215 | D:14     | Received a gift from Okawaru
 19216 | D:14     | 19216 ||| INVOKING Heroism.
 19217 | D:14     | 19217 ||| INVOKING Finesse.
 19219 | D:14     | Reached XP level 15. HP: 136/138 MP: 13/21
 19290 | D:14     | Found a gate to the Vaults.
 19517 | D:14     | 19517 ||| DROPPING +0 troll leather armour.
 19518 | D:14     | 19518 ||| READING scroll labelled HUEMIA LETUPTE.
 19663 | D:15     | Entered Level 15 of the Dungeon
 19686 | D:15     | 19686 ||| INVOKING Heroism.
 19881 | D:15     | Noticed a fire giant
 19882 | D:15     | 19882 ||| INVOKING Heroism.
 19886 | D:15     | 19886 ||| INVOKING Finesse.
 19887 | D:15     | 19887 ||| FLEEEEING.
 19888 | D:15     | 19888 ||| FLEEEEING.
 19889 | D:15     | 19889 ||| FLEEEEING.
 19925 | D:15     | 19925 ||| INVOKING Heroism.
 20139 | D:15     | 20139 ||| INVOKING Heroism.
 20145 | D:15     | Killed a fire giant
 20149 | D:15     | Found a staircase to the Depths.
 20159 | D:15     | Identified the orb of Inevitability {*channel, Harm Regen+
                  | Int+3}
 20179 | D:15     | 20179 ||| INVOKING Heroism.
 20764 | D:15     | 20764 ||| PLANNING ORC
 20764 | D:15     | 20764 ||| DROPPING amulet of the acrobat.
 20924 | Orc:1    | Entered Level 1 of the Orcish Mines
 20924 | Orc:1    | Found Suyribb's Magic Scroll Boutique.
 20939 | Orc:1    | 20939 ||| BUYING scroll of enchant armour (82 gold).
 20939 | Orc:1    | Bought a scroll of enchant armour for 82 gold pieces
 20939 | Orc:1    | 20939 ||| BUYING scroll of identify (22 gold).
 20939 | Orc:1    | Bought a scroll of identify for 22 gold pieces
 20939 | Orc:1    | 20939 ||| BUYING scroll of identify (22 gold).
 20939 | Orc:1    | Bought a scroll of identify for 22 gold pieces
 20939 | Orc:1    | 20939 ||| BUYING scroll of identify (22 gold).
 20939 | Orc:1    | Bought a scroll of identify for 22 gold pieces
 20939 | Orc:1    | 20939 ||| BUYING scroll of identify (22 gold).
 20939 | Orc:1    | Bought a scroll of identify for 22 gold pieces
 20939 | Orc:1    | 20939 ||| BUYING scroll of teleportation (33 gold).
 20939 | Orc:1    | Bought a scroll of teleportation for 33 gold pieces
 20939 | Orc:1    | 20939 ||| BUYING scroll of teleportation (33 gold).
 20939 | Orc:1    | Bought a scroll of teleportation for 33 gold pieces
 20939 | Orc:1    | 20939 ||| BUYING scroll of teleportation (33 gold).
 20939 | Orc:1    | Bought a scroll of teleportation for 33 gold pieces
 20939 | Orc:1    | 20939 ||| READING scroll of enchant armour.
 20939 | Orc:1    | 20939 ||| ENCHANTING +1 swamp dragon scales.
 21016 | Orc:1    | 21016 ||| INVOKING Heroism.
 21132 | Orc:1    | Found Pimapt's Weapon Emporium.
 21249 | Orc:2    | Entered Level 2 of the Orcish Mines
 21457 | Orc:2    | 21457 ||| INVOKING Heroism.
 21469 | Orc:1    | Found Qeruixt's Book Boutique.
 21498 | Orc:1    | Found Xoer Kon's Gadget Gallery.
 21581 | Orc:1    | Found Woichish's Antique Armour Shoppe.
 21599 | Orc:1    | 21599 ||| BUYING pair of slimy boots (247 gold).
 21599 | Orc:1    | Bought a pair of slimy boots for 247 gold pieces
 21599 | Orc:1    | Identified the +2 pair of boots of the Hurtling Gods {-Cast
                  | rPois rN++ Str+3} (You bought it in a shop on level 1 of
                  | the Orcish Mines)
 21709 | Orc:1    | 21709 ||| UPGRADING to +2 pair of boots of the Hurtling
                  | Gods {-Cast rPois rN++ Str+3}.
 21719 | Orc:1    | 21719 ||| DROPPING +2 pair of boots.
 21720 | Orc:1    | 21720 ||| UPGRADING to quicksilver dragon scales.
 21810 | Orc:2    | Found a staircase to the Elven Halls.
 21838 | Orc:2    | 21838 ||| INVOKING Heroism.
 21847 | Orc:2    | 21847 ||| Stepping ~*~*~tactically~*~*~ (outnumbered).
 21900 | Orc:2    | 21900 ||| INVOKING Heroism.
 21917 | Orc:2    | Reached skill level 21 in Ranged Weapons
 21931 | Orc:2    | 21931 ||| INVOKING Heroism.
 21938 | Orc:2    | Identified the +4 scale mail of Carved New Discoveries
                  | {rElec rF+ rC+ Dex-2} (Okawaru gifted it to you on level 2
                  | of the Orcish Mines)
 21938 | Orc:2    | Received a gift from Okawaru
 21950 | Orc:2    | Reached skill level 12 in Dodging
 21951 | Orc:2    | HP: 29/138 [two-headed ogre/+0 giant club (19)]
 21952 | Orc:2    | 21952 ||| READING 9 scrolls of teleportation.
 22105 | Orc:2    | 22105 ||| INVOKING Heroism.
 22344 | Orc:2    | Found Wajinwin's Assorted Antiques.
 22344 | Orc:2    | Found Biox's Magic Scroll Boutique.
 22345 | Orc:2    | Found Qaniesab's Book Boutique.
 22345 | Orc:2    | Found Hoxet's Magic Scroll Emporium.
 22352 | Orc:2    | 22352 ||| BUYING potion of curing (75 gold).
 22352 | Orc:2    | Bought a potion of curing for 75 gold pieces
 22352 | Orc:2    | 22352 ||| BUYING potion of heal wounds (125 gold).
 22352 | Orc:2    | Bought a potion of heal wounds for 125 gold pieces
 22354 | Orc:2    | 22354 ||| BUYING scroll of enchant armour (112 gold).
 22354 | Orc:2    | Bought a scroll of enchant armour for 112 gold pieces
 22354 | Orc:2    | 22354 ||| BUYING scroll of enchant armour (112 gold).
 22354 | Orc:2    | Bought a scroll of enchant armour for 112 gold pieces
 22355 | Orc:2    | 22355 ||| BUYING scroll of enchant weapon (105 gold).
 22355 | Orc:2    | Bought a scroll of enchant weapon for 105 gold pieces
 22355 | Orc:2    | 22355 ||| BUYING scroll of teleportation (42 gold).
 22355 | Orc:2    | Bought a scroll of teleportation for 42 gold pieces
 22355 | Orc:2    | 22355 ||| READING scroll of enchant weapon.
 22355 | Orc:2    | 22355 ||| ENCHANTING +0 heavy triple crossbow.
 22464 | Orc:2    | 22464 ||| PLANNING SPIDER:1-3
 22645 | Spider:1 | Entered Level 1 of the Spider Nest
 22649 | Spider:1 | 22649 ||| STAIRDANCE
 22652 | Lair:2   | 22652 ||| INVOKING Heroism.
 22658 | Lair:2   | Reached skill level 12 in Armour
 22659 | Lair:2   | HP: 34/138 [wolf spider simulacrum (7)]
 22660 | Lair:2   | 22660 ||| READING 9 scrolls of teleportation.
 22661 | Lair:2   | 22661 ||| DRINKING potion of heal wounds.
 22697 | Lair:2   | 22697 ||| INVOKING Heroism.
 22930 | Spider:1 | Noticed an emperor scorpion
 22931 | Spider:1 | 22931 ||| INVOKING Heroism.
 22934 | Spider:1 | Killed an emperor scorpion
 22939 | Spider:1 | 22939 ||| Stepping ~*~*~tactically~*~*~ (outnumbered).
 22941 | Spider:1 | 22941 ||| DRINKING 12 potions of curing.
 22941 | Spider:1 | 22941 ||| (to cure confusion)
 22942 | Spider:1 | 22942 ||| Stepping ~*~*~tactically~*~*~ (outnumbered).
 22943 | Spider:1 | 22943 ||| Stepping ~*~*~tactically~*~*~ (outnumbered).
 22944 | Spider:1 | HP: 26/139 [wolf spider (11)]
 22945 | Spider:1 | 22945 ||| READING 8 scrolls of teleportation.
 22946 | Spider:1 | HP: 4/139 [wolf spider (11)]
 22947 | Spider:1 | Mangled by a tarantella

Levels and vault maps discovered:
D:1:      psy_arrival_conway, layout_loops_ring, roderic_roman_lattice,
          lemuel_flame_loot_1
D:2:      layout_loops_cross, dk_noncrumbling_3, minmay_tiny_reverse_x
D:3:      layout_basic, hellmonk_ecumenical_altar_arch_garden,
          chequers_serial_rivers_large_b
D:4:      layout_cave_pools, mainiacjoe_overflow_large_starburst,
          makhleb_heckhound_becter, nicolae_overflow_squiral, enter_ossuary_5
D:5:      layout_basic, kennysheep_little_box, uniq_ijyb
D:6:      layout_cave_pools, grunt_temple_overflow_magic_moments,
          portal_sewer_entry_e, uniq_sigmund, uniq_grinder
D:7:      layout_basic, temple_hall, minmay_misc_feat_square, uniq_menkaure,
          uniq_pikel, uniq_maggie
D:8:      layout_basic, minmay_misc_feat_pillars
D:9:      layout_basic, nicolae_hepliaklqana_hippocampus, enter_bailey_5,
          uniq_erica, uniq_maurice
D:10:     layout_basic, mainiacjoe_overflow_chevrons, david_orc_2, uniq_urug,
          uniq_snorg, uniq_joseph
D:11:     layout_basic, hellmonk_lair_entry_icy, special_room
          [special_room_kobold], uniq_sonja
D:12:     lemuel_ice_spiral_2, layout_irregular_city
D:13:     layout_basic, gammafunk_ghost_split, uniq_rupert
D:14:     layout_loops_ring, hangedman_vaults_entry_quadrant_bands,
          amcnicky_mini_pool_small
D:15:     grunt_enter_depths_giant_problem, layout_rooms,
          dreamdust_princess_bridge
Lair:1:   layout_hall_layers, nicolae_quartered_pool_little, grunt_megastairs_1
Lair:2:   layout_hall_layers, nicolae_spider_entry_tight_spaces, basic_altar
Lair:3:   layout_regular_city, nicolae_swamp_entry_splash_gauntlet,
          serial_bayou_shore_a, serial_bayou_shore_b
Lair:4:   dreamdust_isle_of_ice, layout_long_grid, special_room
          [special_room_mythical_zoo], serial_bayou_crossing
Lair:5:   cheibrodos_lair_end_hotspot, layout_loops_ring, slime_entry_1,
          serial_rivers, chequers_serial_rivers_room_b,
          chequers_serial_rivers_micro_d, chequers_serial_rivers_room_b,
          chequers_serial_rivers_marsh, chequers_serial_rivers_small_b,
          st_stairs_12
Spider:1: cheibrodos_spider_deadly_dance, hellmonk_ghost_happy_afterlife,
          lemuel_hornet_nest
Orc:1:    hellmonk_paralyzer, layout_caves, serial_shops,
          nicolae_shop_mannequins, nicolae_shop_competitors_out_of_business,
          shop, nicolae_diamond_shop, nicolae_shop_gadgets
Orc:2:    st_orc_ogre_mass, layout_diamond_mine

Skill      XL: |  1  2  3  4  5  6  7  8  9 10 11 12 13 14 15 |
---------------+----------------------------------------------+-----
Ranged Weapons | 3 4 5 6 7 9 10 11 13 14 16 18 20 21 | 21.0
Fighting       | 2 3 4 5 6 7 8 9 11 12 14 | 14.3
Armour         | 1 2 3 5 6 7 9 10 12 | 12.0
Invocations    | 4 6 9 10 | 10.0
Dodging        | 3 5 6 7 8 9 10 12 | 12.0
Spellcasting   | |  1.0
Hexes          | |  2.0

Action                     |  1- 3 |  4- 6 |  7- 9 | 10-12 | 13-15 || total
---------------------------+-------+-------+-------+-------+-------++-------
  Melee: Unarmed           |       |       |     3 |       |       ||     3
   Fire: Sling             |    91 |       |       |       |       ||    91
         Arbalest          |     9 |   102 |   190 |   529 |   300 ||  1130
         Triple crossbow   |       |       |       |       |   482 ||   482
 Invoke: Heroism           |       |       |    10 |    17 |    35 ||    62
         Finesse           |       |       |       |     3 |     6 ||     9
    Use: Scroll            |     8 |     7 |     7 |     7 |    11 ||    40
         Potion            |       |     3 |     6 |     1 |     4 ||    14
 Armour: Robe              |     5 |     8 |       |       |       ||    13
         Ring mail         |       |    31 |    22 |       |       ||    53
         Swamp dragon scal |       |       |     9 |   154 |   168 ||   331
         Skin              |       |       |     2 |     1 |       ||     3
         Quicksilver drago |       |       |       |       |    61 ||    61
  Dodge: Dodged            |    27 |    19 |    58 |   227 |   825 ||  1156

Table legend:
 A = Non-vault XP
 B = Vault XP
 C = Vault XP percentage of total XP
 D = Non-vault monster count
 E = Vault monster count
 F = Vault count percentage of total count
                 A         B        C        D         E       F
            +---------+---------+-------+---------+---------+-------
      Total |   85581 |   58149 |  40.5 |     499 |     225 |  31.1
            +---------+---------+-------+---------+---------+-------
        D:1 |      17 |       0 |   0.0 |      11 |       0 |   0.0
        D:2 |      38 |       2 |   5.0 |      16 |       2 |  11.1
        D:3 |      90 |       0 |   0.0 |      19 |       0 |   0.0
        D:4 |     247 |      42 |  14.5 |      21 |       1 |   4.5
        D:5 |     452 |      36 |   7.4 |      14 |       1 |   6.7
        D:6 |     726 |     548 |  43.0 |       9 |      10 |  52.6
        D:7 |    1505 |    1220 |  44.8 |      39 |       3 |   7.1
        D:8 |    1355 |       0 |   0.0 |      21 |       0 |   0.0
        D:9 |    2311 |    1350 |  36.9 |      24 |       6 |  20.0
       D:10 |    2857 |    2204 |  43.5 |      28 |       9 |  24.3
       D:11 |    3103 |    3502 |  53.0 |      16 |      24 |  60.0
       D:12 |    8821 |       0 |   0.0 |      38 |       0 |   0.0
       D:13 |    4528 |    1896 |  29.5 |      10 |       1 |   9.1
       D:14 |   11169 |    6875 |  38.1 |      26 |      18 |  40.9
       D:15 |    8203 |    1327 |  13.9 |      16 |       1 |   5.9
     Lair:1 |    6983 |    1815 |  20.6 |      35 |       6 |  14.6
     Lair:2 |    5852 |    1288 |  18.0 |      23 |       6 |  20.7
     Lair:3 |    7831 |     884 |  10.1 |      36 |       3 |   7.7
     Lair:4 |    5926 |    8575 |  59.1 |      19 |      41 |  68.3
     Lair:5 |    6364 |    7584 |  54.4 |      24 |      29 |  54.7
   Spider:1 |    2807 |       0 |   0.0 |       6 |       0 |   0.0
      Orc:1 |     979 |    2643 |  73.0 |      13 |       6 |  31.6
      Orc:2 |    3417 |   15907 |  82.3 |      35 |      38 |  52.1
      Sewer |       0 |     203 | 100.0 |       0 |       8 | 100.0
    Ossuary |       0 |     248 | 100.0 |       0 |      12 | 100.0
            +---------+---------+-------+---------+---------+-------
